AoeStats
← Trickshot

Arabia

504718007Analyzed
1v1 RM · 26d ago on Sep 6, 2026· 47m 16s· 2 players
Game mode
Random Map
Map size
Tiny (2 player)
Population
200
Speed
Normal
Resources
Standard
Victory
Conquest
Starting age
Dark Age
Ending age
Imperial Age
RankedLock teamsTeams togetherTeam positionsShared explorationLock speedFull tech treeHidden civsTurbo modeCheats
Victory
Defeat
🇩🇪 Inca · Germany
1178
+15
🇩🇪 Georgians · Germany
1164
-15
Trickshot
7:16 Loom
10:11 Feudal Age
11:09 Double-Bit Axe
21:10 Horse Collar
22:48 Wheelbarrow
25:57 Castle Age
24:57 Scale Barding Armor
25:03 Forging
26:12 Bloodlines
33:59 Bow Saw
33:45 Gold Mining
33:49 Stone Mining
35:07 Hand Cart
36:10 Husbandry
40:36 Imperial Age
42:12 Fletching
43:52 Hoardings
43:49 Bodkin Arrow
xXGooDBoyZzXx
5:44 Loom
11:39 Feudal Age
11:49 Champi Runner
16:52 Horse Collar
19:08 Scale Mail Armor
19:18 Forging
19:46 Double-Bit Axe
24:22 Castle Age
23:44 Gold Mining
25:50 Squires
26:27 Chain Mail Armor
26:47 Iron Casting
26:06 Champi Warrior
26:55 Heavy Plow
27:28 Pikeman
31:36 Wheelbarrow
30:58 Fletching
31:08 Padded Archer Armor
30:34 Elite Skirmisher
32:05 Town Watch
32:35 Hand Cart
33:24 Bodkin Arrow
33:44 Leather Archer Armor
36:18 Bow Saw
38:36 Gold Shaft Mining
42:44 Imperial Age
44:18 Conscription
Connection lost

Rejoining the realm…

Still unreachable

The connection could not be restored.

Session expired

The server has moved on; the page needs a fresh start.